 Dungeon Sprint DCSS version 0.17-a0-2231-gd80ca38 (webtiles) character file.

109 Kidiri the Shield-Bearer (level 4, -4/44 HPs)
             Began as a Minotaur Fighter on Oct 29, 2015.
             Was a Follower of Okawaru.
             Killed by divine providence
             ... invoked by an orc priest
              (10 damage)
             ... in the Dungeon (Sprint VII: "The Pits").
             The game lasted 00:04:26 (428 turns).

Kidiri the Shield-Bearer (Minotaur Fighter)          Turns: 428, Time: 00:04:26

Health: -4/44      AC: 18    Str: 22    XL:     4   Next: 60%
Magic:  4/4        EV:  7    Int:  5    God:    Okawaru [*.....]
Gold:   0          SH: 10    Dex:  9    Spells: 0 memorised, 3 levels left

rFire  . . .     SeeInvis .     a - +3 flail (protect)
rCold  . . .     Clarity  .     r - +3 chain mail
rNeg   . . .     SustAt   .     c - +0 shield
rPois  .         Gourm    .     (helmet restricted)
rElec  .         Spirit   .     (no cloak)
rCorr  .         Warding  .     (no gloves)
rMut   .         NoTele   +     (no boots)
MR     .....                    (no amulet)
Stlth  ..........               (no ring)
                                (no ring)

@: not resistant to hostile enchantments, extremely unstealthy
A: retaliatory headbutt, horns 2
a: Heroism, Renounce Religion


You were in the Dungeon.
You worshipped Okawaru.
Okawaru was aware of your devotion.
You were not hungry.

You visited 1 branch

Inventory:

Hand Weapons
 a - a +3 flail of protection (weapon)
Armour
 c - a +0 shield (worn)
 r - a +3 chain mail (worn)
Scrolls
 k - a scroll of blinking
 o - 3 scrolls of remove curse
 p - 5 scrolls of amnesia
 q - a scroll of summoning
Potions
 d - a potion of might
 f - 6 potions of curing
 g - 5 potions of heal wounds
 h - a potion of haste
 i - 4 potions of magic
 j - 3 potions of berserk rage
 n - 2 potions of invisibility
Comestibles
 e - 8 bread rations
 l - 40 fruits
 m - 7 meat rations
 s - 3 chunks of flesh


   Skills:
 * Level 5.8 Fighting
 * Level 5.2 Maces & Flails
 * Level 5.9 Armour
 * Level 4.0 Dodging
 * Level 5.9 Shields
 + Level 2.4 Invocations


You had 3 spell levels left.
You didn't know any spells.

Dungeon Overview and Level Annotations

Branches:
Dungeon (1/1)

Altars:
Ashenzari
Cheibriados
Dithmenos
Elyvilon
Fedhas
Gozag
Kikubaaqudgha
Makhleb
Nemelex Xobeh
Okawaru
Qazlal
Ru
Sif Muna
Trog
Vehumet
Xom
Yredelemnul
Zin
The Shining One
Beogh
Jiyva
Lugonu


Innate Abilities, Weirdness & Mutations

You reflexively headbutt those who attack you in melee.
You have a pair of horns on your head.


Message History

The orc priest barely misses you.
Unknown command.
You sock the orc priest!
The orc priest is severely wounded.
The orc priest casts a cantrip, but nothing happens.
You completely miss the orc priest. Your headbutt misses the orc priest.
The orc priest is severely wounded.
The orc priest invokes the aid of Beogh against you.
Pain shoots through your body!
You closely miss the orc priest.
The orc priest is severely wounded.
The orc priest calls down the wrath of Beogh upon you.
Pain shoots through your body!
* * * LOW HITPOINT WARNING * * *
Unknown command.
You closely miss the orc priest.
The orc priest is severely wounded.
The orc priest calls down the wrath of Beogh upon you.
Something smites you!
You die...

#'#####+#####.....
#.#[.#..#..##.....
#.#..÷..+..#####+#
#.##÷####+###.....
#.#........##.....
#.#........##.....
#.#####+#####...<.
#.#..[)))..##.....
#@#..[)))..##.....
#o###########.....
#55...o.# ######
#...#ho.# #...# .#
#.##. #.. #. #..
.. #.. ..


You could see an orc priest, a crimson imp and a white imp.

Vanquished Creatures
  A jelly (D)
  A hound (D)
  2 gnolls (D)
  A river rat (D)
  An ufetubus (D)
  4 orcs (D)
  A kobold (D)
  2 ball pythons (D)
  A bat (D)
  A giant newt (D)
  A goblin (D)
16 creatures vanquished.

Notes
Turn   | Place    | Note
--------------------------------------------------------------
     0 | D        | Kidiri the Minotaur Fighter began the quest for the Orb.
     0 | D        | Reached XP level 1. HP: 19/19 MP: 0/0
    64 | D        | Found a sacrificial altar of Ru.
    64 | D        | Found a basalt altar of Yredelemnul.
    64 | D        | Found a shadowy altar of Dithmenos.
    64 | D        | Found a deep blue altar of Sif Muna.
    64 | D        | Found a burning altar of Makhleb.
    64 | D        | Found a shimmering altar of Xom.
    64 | D        | Found an ancient bone altar of Kikubaaqudgha.
    64 | D        | Found a sparkling altar of Nemelex Xobeh.
    65 | D        | Found a glowing golden altar of the Shining One.
    65 | D        | Found a bloodstained altar of Trog.
    65 | D        | Found a shattered altar of Ashenzari.
    65 | D        | Found a white marble altar of Elyvilon.
    65 | D        | Found a snail-covered altar of Cheibriados.
    65 | D        | Found a blossoming altar of Fedhas.
    65 | D        | Found a radiant altar of Vehumet.
    65 | D        | Found a glowing silver altar of Zin.
    65 | D        | Found a corrupted altar of Lugonu.
    65 | D        | Found a viscous altar of Jiyva.
    65 | D        | Found a roughly hewn altar of Beogh.
    65 | D        | Found an iron altar of Okawaru.
    71 | D        | Found a stormy altar of Qazlal.
    72 | D        | Found an opulent altar of Gozag.
    74 | D        | Became a worshipper of Warmaster Okawaru
    99 | D        | Reached skill level 4 in Fighting
    99 | D        | Reached skill level 1 in Dodging
    99 | D        | Reached skill level 1 in Invocations
    99 | D        | Reached XP level 2. HP: 16/27 MP: 1/1
   292 | D        | Reached skill level 5 in Armour
   292 | D        | Reached skill level 5 in Shields
   292 | D        | Reached XP level 3. HP: 27/35 MP: 1/3
   401 | D        | Noticed a jelly
   402 | D        | Noticed an orc priest
   402 | D        | Noticed a hound
   403 | D        | Noticed a crimson imp
   406 | D        | Reached skill level 5 in Fighting
   409 | D        | Killed a jelly
   409 | D        | Reached XP level 4. HP: 8/42 MP: 4/4
   423 | D        | Killed a hound
   423 | D        | Reached * piety under Okawaru
   423 | D        | Reached skill level 5 in Maces & Flails
   428 | D        | Killed from afar by an orc priest

Vault maps used:
D:        pitsprint

Action                   |  1- 3 |  4- 6 || total
-------------------------+-------+-------++-------
Melee: Mace              |    22 |       ||    22
       Flail             |     6 |    18 ||    24
  Use: Potion            |       |     1 ||     1
